 Dungeon Crawl Stone Soup version 0.18.1-1-g2f07953 (webtiles) character file.

8842 aurelian the Destroyer (level 11, -5/73 HPs)
             Began as a Tengu Conjurer on May 17, 2016.
             Was an Elder of Vehumet.
             Slain by an unseen horror (6 damage)
             ... on level 10 of the Dungeon.
             The game lasted 00:41:26 (17009 turns).

aurelian the Destroyer (Tengu Conjurer)            Turns: 17009, Time: 00:41:27

Health: -5/73      AC:  5    Str:  9    XL:     11   Next: 37%
Magic:  23/23      EV: 16    Int: 13    God:    Vehumet [****..]
Gold:   394        SH:  0    Dex: 14    Spells: 4 memorised, 13 levels left

rFire  . . .     SeeInvis .     a - +10 broad axe of Fragile Peace {venom, rElec rPois Int-4 Stlth+}
rCold  . . .     Gourm    .     z - +1 robe {MR+}
rNeg   + . .     Faith    .     (no shield)
rPois  +         Spirit   .     (helmet restricted)
rElec  +         Dismiss  .     e - +1 ratskin cloak {rPois rN+ Int-1 Dex-1}
rCorr  .         Reflect  .     (no gloves)
SustAt .         Harm     .     (boots unavailable)
MR     +....                    (no amulet)
Stlth  ++++......               r - ring of wizardry
                                q - +4 ring of slaying

@: somewhat resistant to hostile enchantments, stealthy
A: beak, talons 3, robust 1, able to fly 1
a: Fly, Renounce Religion


You were on level 10 of the Dungeon.
You worshipped Vehumet.
Vehumet was greatly pleased with you.
You were not hungry.

You visited 2 branches of the dungeon, and saw 11 of its levels.

You collected 560 gold pieces.
You spent 166 gold pieces at shops.

Inventory:

Hand Weapons
 a - the +10 broad axe of Fragile Peace (weapon) {venom, rElec rPois Int-4 Stlth+}
   (You took it off a crimson imp on level 9 of the Dungeon)

   It poisons the flesh of those it strikes.
   It affects your intelligence (-4).
   It insulates you from electricity.
   It protects you from poison.
   It makes you more stealthy.
 T - a +0 club
 V - a +0 hunting sling
Missiles
 k - 317 stones (quivered)
 J - 2 throwing nets
Armour
 d - a +0 robe
 e - the +1 ratskin cloak (worn) {rPois rN+ Int-1 Dex-1}
   (You found it on level 4 of the Dungeon)

   It affects your intelligence (-1).
   It affects your dexterity (-1).
   It protects you from poison.
   It protects you from negative energy.
 z - a +1 robe of magic resistance (worn)
 Z - a +0 buckler
Magical Staves
 b - an uncursed staff of energy
Jewellery
 g - an uncursed ring of protection from magic
 p - a +3 ring of strength
 q - a +4 ring of slaying (left hand)
 r - a ring of wizardry (right hand)
 u - a +6 amulet of reflection {unknown}
 I - an uncursed ring of see invisible {unknown}
 M - an uncursed amulet of magic regeneration {unknown}
Wands
 y - a wand of flame (17/48)
 L - a wand of lightning (5/15)
Scrolls
 f - 2 scrolls of amnesia
 h - 6 scrolls of remove curse
 m - 2 scrolls of recharging
 B - a scroll of teleportation
 D - a scroll of enchant armour
 X - a scroll of identify
Potions
 v - a potion of brilliance {unknown}
 x - a potion of cancellation {unknown}
 A - 4 potions of flight
 C - a potion of resistance
 H - a potion of experience {unknown}
 K - a potion of might {unknown}
 O - a potion of beneficial mutation {unknown}
 R - a potion of degeneration {unknown}
 Y - a potion of invisibility {unknown}
Books
 l - a book of Conjurations

   Spells                             Type                      Level
   a - Magic Dart                     Conjuration                  1
   b - Searing Ray                    Conjuration                  2
   c - Dazzling Spray                 Conjuration/Hexes            3
   d - Fulminant Prism                Conjuration/Hexes            4
   e - Iskenderun's Mystic Blast      Conjuration                  4
   f - Iskenderun's Battlesphere      Conjuration/Charms           5
 N - Sif Muna's Compendium of Venom
   (You found it on level 6 of the Dungeon)

   Spells                             Type                      Level
   a - Sting                          Conjuration/Poison           1
 Q - a book of the Warp

   Spells                             Type                      Level
   a - Recall                         Summoning/Translocation      3
   b - Gell's Gravitas                Hexes/Translocation          3
   c - Force Lance                    Conjuration/Translocation    4
   d - Warp Weapon                    Charms/Translocation         5
   e - Summon Forest                  Summoning/Translocation      5
Miscellaneous
 S - a box of beasts
Comestibles
 c - 7 bread rations
 i - 4 meat rations
 j - a fruit
 o - 4 beef jerkies
 t - a slice of pizza


   Skills:
 - Level 7.3 Fighting
 * Level 4.3 Axes
 + Level 7.2 Dodging
 - Level 6.2 Stealth
 - Level 7.7 Spellcasting
 - Level 11.0 Conjurations
 - Level 5.2 Charms


You had 13 spell levels left.
You knew the following spells:

 Your Spells              Type           Power        Failure   Level  Hunger
a - Magic Dart            Conj           ####         1%          1    None
b - Searing Ray           Conj           ####..       1%          2    None
c - Iskenderun's Mystic   Conj           ####....     1%          4    ####...
d - Iskenderun's Battles  Conj/Chrm      ####....     1%          5    #####..


Dungeon Overview and Level Annotations

Branches:
Dungeon (10/15)            Temple (1/1) D:6            Lair (0/8) D:10
    Orc: D:9-12

Altars:
Ashenzari
Cheibriados
Dithmenos
Elyvilon
Fedhas
Gozag
Kikubaaqudgha
Nemelex Xobeh
Okawaru
Pakellas
Qazlal
Ru
Sif Muna
Trog
Vehumet
Xom
Zin
The Shining One

Shops:
D:10 [

Annotations:
D:4 exclusion: centaur
D:7 Pikel


Innate Abilities, Weirdness & Mutations

You have a beak for a mouth.
You have claws for feet.
You can fly.
You are robust (+10% HP).


Message History

Something hits you but does no damage. Something hits you.
Something hits you but does no damage. Something hits you! Something hits you.
Drink which item? (? for menu, Esc to quit)
Okay, then.
Something hits you. Something hits you. Something hits you but does no damage.
Something hits you! Something hits you but does no damage.
You miss something. You claw something. Something hits you!
* * * LOW HITPOINT WARNING * * *
Something barely misses you. Something hits you!
* * * LOW HITPOINT WARNING * * *
You slash something! You claw something.
Something hits you but does no damage. x2
Drink which item? (? for menu, Esc to quit)
You feel better. Something hits you!
* * * LOW HITPOINT WARNING * * *
Something hits you.
You die...

### ### #.# #.# #.# #.# ###
########.###.#####.###
#.....................
#.######..##.##....### #.#
#.....##....###
############.######.(##.##.......
..............Y.@..............##
############..####.#.##........#
#######..# #.#.##........#
#........# #...##.....#..#
######.######.####..(..........#
..........................>###.#
.......######Y####..(..........#
###.........#.# ##.###.#..###.##
###.........#.# #....<.....)..%


You could see a yak.

Vanquished Creatures
  An efreet (D:9)
  A vampire (D:10)
  8 yaks
  6 humans
  A hungry ghost (D:8)
  3 hippogriffs
  4 ice beasts
  3 orc warriors
  A phantom (D:8)
  2 sky beasts
  4 slaves
  2 necrophages
  6 ogres
  7 centaurs
  2 crocodiles
  A big kobold (D:7)
  5 giant frogs
  A gnoll sergeant (D:8)
  2 scorpions
  6 wights
  10 killer bees
  10 howler monkeys
  A giant frog zombie (D:9)
  2 crimson imps
  2 jellies
  A quasit (D:5)
  5 orc priests
  3 giant frog skeletons
  10 hounds
  13 orc wizards
  7 iguanas
  13 worker ants
  A worker ant zombie (D:10)
  15 gnolls
  17 adders
  A howler monkey skeleton (D:8)
  2 river rats
  A shadow imp (D:10)
  An adder zombie (D:10)
  3 adder skeletons
  A dart slug (D:2)
  5 giant geckos
  31 orcs
  5 bats
  7 giant cockroaches
  11 goblins
  7 hobgoblins
  16 jackals
  4 quokkas
  2 giant gecko skeletons
  A giant gecko zombie (D:5)
  6 giant newts
  13 kobolds
  2 quokka skeletons
  5 rats
300 creatures vanquished.

Vanquished Creatures (others)
  A hound skeleton (D:9)
  A bush (D:10)
  2 fungi (D:10)
  6 plants (D:10)
10 creatures vanquished.

Grand Total: 310 creatures vanquished

Notes
Turn   | Place    | Note
--------------------------------------------------------------
     0 | D:1      | aurelian the Tengu Conjurer began the quest for the Orb.
     0 | D:1      | Reached XP level 1. HP: 10/10 MP: 4/4
   290 | D:1      | Reached XP level 2. HP: 15/15 MP: 3/6
   310 | D:1      | Learned a level 2 spell: Searing Ray
  1058 | D:2      | Reached XP level 3. HP: 19/19 MP: 1/8
  1369 | D:2      | Reached skill level 6 in Conjurations
  1842 | D:2      | Reached XP level 4. HP: 20/24 MP: 3/9
  1964 | D:2      | Reached skill level 1 in Fighting
  2089 | D:2      | Learned a level 4 spell: Iskenderun's Mystic Blast
  2533 | D:3      | Gained mutation: You can fly. [Tengu growth]
  2533 | D:3      | Reached XP level 5. HP: 29/29 MP: 5/11
  2704 | D:3      | Found a glowing golden altar of the Shining One.
  3818 | D:4      | Noticed a centaur
  4045 | D:4      | Noticed an ogre
  4052 | D:4      | Killed an ogre
  4052 | D:4      | Reached skill level 7 in Conjurations
  4052 | D:4      | Reached XP level 6. HP: 36/36 MP: 3/13
  4692 | D:4      | Found a blossoming altar of Fedhas.
  4736 | D:5      | Entered Level 5 of the Dungeon
  4736 | D:5      | Noticed an ice beast
  4743 | D:5      | Killed an ice beast
  4743 | D:5      | Reached XP level 7. HP: 41/41 MP: 6/14
  4804 | D:5      | Learned a level 5 spell: Iskenderun's Battlesphere
  5019 | D:5      | Found a shattered altar of Ashenzari.
  5023 | D:5      | Found a snail-covered altar of Cheibriados.
  5112 | D:5      | Reached skill level 8 in Conjurations
  5146 | D:5      | Reached skill level 1 in Charms
  5518 | D:5      | Reached skill level 5 in Spellcasting
  5768 | D:5      | Reached XP level 8. HP: 46/48 MP: 9/16
  6647 | D:6      | Found a staircase to the Ecumenical Temple.
  6663 | Temple   | Entered the Ecumenical Temple
  6721 | Temple   | Became a worshipper of Vehumet
  6750 | D:6      | Found an ancient bone altar of Kikubaaqudgha.
  6895 | D:6      | Reached skill level 5 in Fighting
  7387 | D:6      | Reached skill level 9 in Conjurations
  7404 | D:6      | Reached XP level 9. HP: 36/54 MP: 6/18
  7785 | D:6      | Found a deep blue altar of Sif Muna.
  7880 | D:6      | Identified Sif Muna's Compendium of Venom
  8202 | D:7      | Reached * piety under Vehumet
  8202 | D:7      | Offered knowledge of Flame Tongue by Vehumet.
  9358 | D:7      | Noticed Pikel
  9593 | D:7      | Found a sacrificial altar of Ru.
  9995 | D:7      | Reached XP level 10. HP: 61/61 MP: 10/21
 10725 | D:7      | Reached skill level 5 in Stealth
 10725 | D:7      | Reached skill level 10 in Conjurations
 11028 | D:7      | Reached skill level 5 in Dodging
 11611 | D:7      | Offered knowledge of Freeze by Vehumet.
 11614 | D:7      | Reached ** piety under Vehumet
 12385 | D:8      | Gained mutation: You are robust (+10% HP). [potion of mutation]
 12385 | D:8      | Lost mutation: You are robust (+10% HP). [potion of mutation]
 12385 | D:8      | Gained mutation: You are robust (+10% HP). [potion of mutation]
 13149 | D:8      | Got a pair of faintly humming gloves
 13155 | D:8      | Identified the cursed -6 pair of gloves "Bueb" {rC+ rCorr} (You found it on level 8 of the Dungeon)
 13306 | D:8      | Offered knowledge of Ignite Poison by Vehumet.
 13596 | D:9      | Reached skill level 5 in Charms
 13639 | D:9      | Reached *** piety under Vehumet
 14026 | D:9      | Reached XP level 11. HP: 32/73 MP: 8/23
 14647 | D:9      | Reached skill level 11 in Conjurations
 14662 | D:9      | Got a faintly glowing broad axe {venom}
 14663 | D:9      | Identified the +10 broad axe of Fragile Peace {venom, rElec rPois Int-4 Stlth+} (You took it off a crimson imp on level 9 of the Dungeon)
 14772 | D:9      | Reached skill level 1 in Axes
 15092 | D:9      | Found an iron altar of Okawaru.
 15212 | D:10     | Entered Level 10 of the Dungeon
 15780 | D:10     | Offered knowledge of Olgreb's Toxic Radiance by Vehumet.
 15925 | D:10     | Found Waeph's Antique Armour Shop.
 16124 | D:10     | Bought a buckler for 166 gold pieces
 16731 | D:9      | Reached **** piety under Vehumet
 17009 | D:10     | HP: 1/73 [something (10)]
 17009 | D:10     | Slain by an unseen horror

Skill      XL: |  1  2  3  4  5  6  7  8  9 10 11 |
---------------+----------------------------------+-----
Spellcasting   | 3 4 5 6 7 |  7.7
Conjurations   | 6 7 8 9 10 11 | 11.0
Fighting       | 1 2 3 4 5 6 7 |  7.3
Charms         | 1 3 4 5 |  5.2
Dodging        | 3 4 5 7 |  7.2
Stealth        | 3 4 6 |  6.2
Axes           | 4 |  4.3

Action                   |  1- 3 |  4- 6 |  7- 9 | 10-12 || total
-------------------------+-------+-------+-------+-------++-------
Melee: Club              |       |       |     3 |       ||     3
       Kick              |       |       |     1 |     5 ||     6
       Broad axe         |       |       |       |    23 ||    23
       Peck              |       |       |       |     2 ||     2
 Fire: Hunting sling     |     6 |     6 |    19 |     4 ||    35
 Cast: Magic Dart        |    71 |    49 |   173 |   244 ||   537
       Searing Ray       |     2 |    16 |    46 |    77 ||   141
       Iskenderun's Myst |       |     2 |    26 |    29 ||    57
       Iskenderun's Batt |       |       |       |    16 ||    16
 Abil: Fly               |       |       |     1 |       ||     1
Evoke: Wand              |       |       |       |     1 ||     1
  Use: Scroll            |       |    11 |     1 |     7 ||    19
       Potion            |       |       |       |     4 ||     4
  Eat: Chunk             |     3 |     8 |    20 |    28 ||    59
       Fruit             |       |     1 |     1 |     2 ||     4
Armor: Robe              |     1 |     3 |    23 |    46 ||    73
Dodge: Dodged            |     6 |    15 |    83 |   176 ||   280
